 Dungeon Crawl Stone Soup version 0.27-a0-765-ge4d627daa3 (webtiles) character file.

Game seed: 1079526005943209595

79 robertstho the Magician (level 4, -4/32 HPs)
             Began as a Djinni Fire Elementalist on Mar 24, 2021.
             Blown up by Ijyb (7 damage)
             ... with a mindburst bolt
             ... on level 3 of the Dungeon.
             The game lasted 00:05:40 (2521 turns).

robertstho the Magician (Djinni Fire Elementalist)  Turns: 2521, Time: 00:05:40

Health: -4/32      AC:  4    Str:  7    XL:     4   Next: 38%
Gold:   195        EV: 12    Int: 18    God:
                   SH:  0    Dex: 13

rFire    + + .     SeeInvis .   e - +2 dagger (venom)
rCold    x . .     Faith    .   (no shield)
rNeg     . . .     Spirit   .   a - +0 robe
rPois    ∞         Reflect  .   (no helmet)
rElec    .         Harm     .   b - +0 cloak
rCorr    .         Rampage  .   d - +0 pair of gloves
Will     .....                  (boots unavailable)
Stlth    ++........             (no amulet)
HPRegen  0.10/turn              (no ring)
MPRegen  0.00/turn              (no ring)

@: flying
A: fire resistance 2, cold vulnerability 1, float, innate caster, hp casting,
extra vitality 1
a: no special abilities


You were on level 3 of the Dungeon.
You visited 1 branch of the dungeon, and saw 3 of its levels.

You collected 987 gold pieces.
You spent 792 gold pieces at shops.

Inventory:

Hand Weapons
 e - a +2 dagger of venom (weapon)
Armour
 a - a +0 robe (worn)
 b - a +0 cloak (worn)
 d - a +0 pair of gloves (worn)
Jewellery
 j - an amulet of regeneration
Scrolls
 c - a scroll of enchant weapon
 i - a scroll of teleportation
 k - a scroll of enchant armour
 l - a scroll of fog
 n - 2 scrolls of magic mapping
 o - a scroll of brand weapon
Potions
 f - a potion of haste
 h - 2 potions of might
 p - a potion of attraction {unknown}


   Skills:
 * Level 1.0 Fighting
 + Level 2.4 Dodging
 + Level 1.7 Stealth
 * Level 4.0 Spellcasting


You couldn't memorise any spells.
You knew the following spells:

 Your Spells              Type           Power      Damage    Failure   Level
a - Foxfire               Conj/Fire      72%        2x1d7     2%          1
b - Conjure Flame         Conj/Fire      18%        6-21      9%          3
c - Inner Flame           Hex/Fire       18%        N/A       9%          3
d - Sticky Flame          Conj/Fire      18%        2d4       26%         4
e - Fireball              Conj/Fire      9%         3d6       58%         5
f - Summon Small Mammal   Summ           72%        N/A       2%          1
Your spell library was empty.

Dungeon Overview and Level Annotations

Branches:
Dungeon (3/15)

Altars:

Shops:
D:2 ?[?((

Annotations:
D:2 Scroll shop
D:3 Ijyb


Innate Abilities, Weirdness & Mutations

You are immune to poison.
Your flesh is very heat resistant. (rF++)
You are vulnerable to cold. (rC-)
You float through the air rather than walking.
You learn spells naturally, not from books.
Your magical power is your life essence.
You have superior vitality. (+4 HP)


Message History

Unknown command.
Unknown command.
Casting: Foxfire (safe; 2% risk of failure)
Confirm with . or Enter, or press ? or * to list all spells.
You conjure some foxfire!
The foxfire hits the endoplasm.
The endoplasm is almost dead.
Unknown command.
Casting: Foxfire (safe; 2% risk of failure)
Confirm with . or Enter, or press ? or * to list all spells.
You conjure some foxfire!
The endoplasm freezes you.
You are frozen.
The foxfire hits Ijyb.
Ijyb is heavily wounded.
The foxfire hits Ijyb.
Ijyb is severely wounded.
The endoplasm hits you but does no damage.
Unknown command.
Your foxfire dissipates!
Ijyb zaps a wand.
Your mind is blasted!
Ouch! That really hurt!
* * * LOW HITPOINT WARNING * * *
Casting: Foxfire (safe; 2% risk of failure)
Confirm with . or Enter, or press ? or * to list all spells.
You conjure some foxfire!
* * * LOW HITPOINT WARNING * * *
The foxfire hits Ijyb.
Ijyb is severely wounded.
The foxfire hits Ijyb but does no damage.
Ijyb is severely wounded.
Ijyb zaps a wand.
You barely resist.
Okay, then.
You aren't carrying any items that you can evoke.
Unknown command.
Blink to where?
Press: ? - help, Dir - move target
As you read the scroll of blinking, it crumbles to dust.
Ijyb screams, "Get away!"
Ijyb zaps a wand.
Your mind is blasted!
You die...

##.# ##.#. ### #.###
#.( ##.#. #.# ##.# #
#.# #.# ##.######
##.## #.#
......§§###...#####
#.#
..............@...#
#.#
.#.#.##g###...###.#
#.# # #J# ##.## #.#
#.# #.# #.# #.# #.#
#...# #.# #.# #.#
......##.# #.# ###.#
###$..###.# #.# #...#
.###.
#.####.#########.###
..
.##).............#.#..


You could see Ijyb.

Vanquished Creatures
  An orc wizard (D:3)
  An adder (D:3)
  2 dart slugs (D:3)
  3 orcs (D:3)
  An endoplasm (D:2)
  2 giant cockroaches
  7 goblins
  2 jackals (D:3)
  A quokka (D:1)
  4 ball pythons
  3 bats
  2 frilled lizards
  3 kobolds
  7 rats
39 creatures vanquished.

Vanquished Creatures (others)
  96 foxfires
96 creatures vanquished.

Grand Total: 135 creatures vanquished

Notes
Turn   | Place    | Note
-------+----------+-------------------------------------------
     0 | D:1      | robertstho the Djinni Fire Elementalist began the quest for
                  | the Orb.
     0 | D:1      | Reached XP level 1. HP: 15/15 MP: 0/0
   305 | D:1      | Reached skill level 3 in Spellcasting
   339 | D:1      | Reached XP level 2. HP: 19/21 MP: 0/0
  1187 | D:2      | Found Cuckauz's Weapon Shop.
  1193 | D:2      | Found Hazisseti's Weapon Shoppe.
  1278 | D:2      | Found Cefuach's Magic Scroll Shoppe.
  1282 | D:2      | Bought a scroll of teleportation for 36 gold pieces
  1282 | D:2      | Bought a scroll of noise for 12 gold pieces
  1282 | D:2      | Bought a scroll of identify for 24 gold pieces
  1282 | D:2      | Identified a scroll of acquirement
  1283 | D:2      | Acquired 867 gold pieces
  1285 | D:2      | Bought a scroll of enchant weapon for 90 gold pieces
  1285 | D:2      | Bought a scroll of enchant armour for 90 gold pieces
  1285 | D:2      | Bought a scroll of fog for 24 gold pieces
  1285 | D:2      | Bought a scroll of identify for 24 gold pieces
  1285 | D:2      | Bought a scroll of magic mapping for 42 gold pieces
  1285 | D:2      | Bought a scroll of brand weapon for 240 gold pieces
  1285 | D:2      | Bought a scroll of identify for 24 gold pieces
  1313 | D:2      | Found Toisobb's Armour Shop.
  1326 | D:2      | Found Uppicle's Magic Scroll Emporium.
  1332 | D:2      | Bought a scroll of blinking for 82 gold pieces
  1332 | D:2      | Bought a scroll of identify for 22 gold pieces
  1332 | D:2      | Bought a scroll of identify for 22 gold pieces
  1332 | D:2      | Bought a scroll of amnesia for 38 gold pieces
  1332 | D:2      | Bought a scroll of identify for 22 gold pieces
  1434 | D:2      | Reached XP level 3. HP: 23/26 MP: 0/0
  1434 | D:2      | Learned a level 1 spell: Summon Small Mammal
  2020 | D:3      | Reached XP level 4. HP: 14/31 MP: 0/0
  2023 | D:3      | Reached skill level 4 in Spellcasting
  2326 | D:3      | Reached skill level 1 in Fighting
  2507 | D:3      | Noticed Ijyb
  2521 | D:3      | Blown up by Ijyb

Illustrated notes

Levels and vault maps discovered:
D:1:      zaba_arrival_water, layout_rooms, minivault_11
D:2:      layout_loops_ring, serial_shops, shop, shop,
          nicolae_shop_temple_entry_statues_fountains, shop_statue,
          nicolae_shop_trees
D:3:      layout_loops_ring, nicolae_uskayaw_dance_studio,
          minmay_misc_feat_columns, uniq_ijyb

Skill      XL: |  1  2  3  4 |
---------------+-------------+-----
Spellcasting   | 3 4 |  4.0
Fighting       | 1 |  1.0
Dodging        | |  2.4
Stealth        | |  1.7

Action                   |  1- 3 |  4- 6 || total
-------------------------+-------+-------++-------
Melee: Dagger            |    10 |    10 ||    20
 Cast: Foxfire           |    50 |     8 ||    58
  Use: Scroll            |     7 |     1 ||     8
       Potion            |     2 |       ||     2
 Stab: Sleeping          |       |     2 ||     2
Armor: Robe              |    12 |     2 ||    14
Dodge: Dodged            |    22 |     3 ||    25

Table legend: (Time is in decaauts)
 A = Elapsed time spent in this place.
 B = Non-inter-level travel time spent in this place.
 C = Inter-level travel time spent in this place.
 D = Time resting spent in this place.
 E = Time spent auto-exploring this place.
 F = Levels seen in this place.
 G = Mean time per level.
                   A        B        C        D        E       F      G
               +--------+--------+--------+--------+--------+-----+--------+
         Total |   2519 |   2479 |     40 |    184 |   1990 |   3 |  839.7 |
       Dungeon |   2519 |   2479 |     40 |    184 |   1990 |   3 |  839.7 |
               +--------+--------+--------+--------+--------+-----+--------+

Top non-repeatable levels by time:
     D:2: 949 daAuts
     D:1: 867 daAuts
     D:3: 702 daAuts
